Map: Lightshade LE

Players

TeebuL - Winner!

  • Race: Protoss Protoss

Raza

  • Race: Terran Terran

Event: DreamHack SC2 Masters 2021 Winter

VOD

Have the link to the VOD?

Description

Time

  • Played on: Oct. 2, 2021, 6:33 a.m.
  • Length: 11:37

All games in this series

Show
View Real Time Build Order
Export as new Build Order

TeebuL Protoss - Winner!

Build Orders: 1 Gate Expand 

Get SALT Encoding   

  12  0:01  Probe  
  13  0:13  Probe  
  14  0:19  Pylon  
  14  0:25  Probe (Chrono Boost)  
  15  0:39  Probe (Chrono Boost)  
  15  0:40  Gateway  
  16  0:45  Probe (Chrono Boost)  
  17  0:50  Assimilator  
  17  0:55  Probe  
  18  1:07  Probe  
  19  1:19  Probe  
  20  1:27  Cybernetics Core  
  21  1:36  Nexus  
  21  1:39  Probe  
  21  1:46  Pylon  
  21  1:51  Probe  
  22  1:55  Assimilator  
  22  1:58  Stalker  
  22  2:00  Warp Gate (Chrono Boost)  
  22  2:03  Probe  
  25  2:17  Pylon  
  25  2:26  Gateway  
  25  2:32  Adept  
  27  2:41  Gateway  
  27  2:46  Probe  
  27  2:49  Probe  
  29  2:58  Probe  
  30  3:01  Probe  
  30  3:04  Adept  
  33  3:10  Probe  
  34  3:17  Robotics Facility  
  33  3:38  Stalker x2  
  28  4:03  Adept x3  
  34  4:11  Observer (Chrono Boost)  
  34  4:12  Probe (Chrono Boost)  
  34  4:17  Probe (Chrono Boost)  
  30  4:24  Probe (Chrono Boost)  
  24  4:32  Probe (Chrono Boost)  
  24  4:42  Stalker  
  26  4:50  Probe  
  26  4:59  Probe  
  21  5:01  Observer  
  21  5:05  Stalker  
  19  5:11  Probe  
  21  5:14  Observer, Probe (Chrono Boost)  
  21  5:23  Probe (Chrono Boost)  
  21  5:27  Probe (Chrono Boost)  
  22  5:32  Probe (Chrono Boost)  
  22  5:33  Probe (Chrono Boost)  
  22  5:34  Observer  
  24  5:42  Probe x2  
  23  5:45  Adept  
  26  5:54  Probe (Chrono Boost)  
  28  5:57  Probe (Chrono Boost)  
  28  6:06  Probe (Chrono Boost)  
  28  6:10  Probe (Chrono Boost)  
  30  6:11  Probe (Chrono Boost)  
  30  6:18  Probe (Chrono Boost)  
  32  6:24  Probe (Chrono Boost)  
  33  6:30  Probe (Chrono Boost)  
  36  6:36  Probe x2 (Chrono Boost)  
  36  6:39  Immortal  
  40  6:41  Pylon  
  40  6:44  Sentry  
  40  6:45  Probe  
  40  6:46  Probe  
  44  6:54  Shield Battery  
  44  6:58  Probe (Chrono Boost)  
  44  6:59  Probe (Chrono Boost)  
  46  7:01  Assimilator  
  46  7:03  Assimilator  
  47  7:10  Probe (Chrono Boost)  
  47  7:13  Probe (Chrono Boost)  
  47  7:14  Sentry  
  47  7:15  Probe (Chrono Boost)  
  52  7:22  Probe (Chrono Boost)  
  52  7:24  Probe (Chrono Boost)  
  52  7:29  Robotics Bay  
  53  7:34  Pylon  
  53  7:36  Probe (Chrono Boost)  
  55  7:38  Probe (Chrono Boost)  
  55  7:41  Probe (Chrono Boost)  
  56  7:45  Probe  
  56  7:48  Observer  
  56  7:51  Probe  
  59  8:00  Pylon x2  
  60  8:06  Adept x2, Sentry  
  64  8:14  Colossus (Chrono Boost), Shield Battery  
  64  8:16  Pylon  
  70  8:23  Gateway  
  70  8:24  Gateway  
  70  8:27  Stalker x2  
  70  8:29  Sentry  
  70  8:32  Shield Battery  
  76  8:44  Extended Thermal Lance (Chrono Boost)  
  76  8:49  Probe  
  76  8:52  Stalker x3  
  83  9:03  Colossus (Chrono Boost)  
  83  9:05  Observer  
  89  9:10  Nexus  
  89  9:13  Pylon  
  89  9:30  Probe x2  
  91  9:32  Twilight Council  
  91  9:40  Zealot x3  
  97  9:59  Stalker x2  
  101  10:02  Observer  
  101  10:12  Dark Shrine  
  101  10:14  Pylon  
  101  10:15  Pylon x2  
  101  10:21  Colossus  
  107  10:33  Probe (Chrono Boost)  
  107  10:34  Probe (Chrono Boost)  
  108  10:36  Probe (Chrono Boost)  
  108  10:42  Zealot x5  
  116  10:45  Probe (Chrono Boost)  
  116  10:46  Probe (Chrono Boost)  
  119  10:50  Probe (Chrono Boost)  
  119  10:51  Probe x2 (Chrono Boost)  
  119  10:52  Gateway  
  121  10:58  Probe  
  121  11:00  Probe  
  121  11:03  Stalker x5  
  133  11:05  Probe  
  133  11:10  Probe  
  135  11:13  Probe, Pylon  
  135  11:17  Probe  
  137  11:22  Probe  
  137  11:25  Probe  
Show
View Real Time Build Order
Export as new Build Order

Raza Terran 

Build Orders:  

Get SALT Encoding   

  12  0:00  SCV  
  13  0:12  SCV  
  14  0:17  Supply Depot  
  14  0:24  SCV  
  14  0:27  Refinery  
  15  0:38  SCV  
  16  0:45  Barracks  
  16  0:50  SCV  
  17  1:02  SCV  
  18  1:15  SCV  
  19  1:32  Marine, Orbital Command  
  20  1:33  Factory  
  20  1:53  Marine  
  21  1:54  Supply Depot  
  21  1:59  SCV  
  22  2:11  SCV  
  23  2:15  Marine  
  23  2:18  Armory  
  24  2:23  SCV  
  24  2:29  Widow Mine  
  27  2:33  Marine  
  27  2:34  Supply Depot  
  27  2:35  SCV  
  29  2:49  Command Center  
  30  2:54  Widow Mine  
  30  2:58  Barracks Reactor  
  31  3:00  Barracks  
  31  3:09  SCV  
  33  3:20  Widow Mine  
  33  3:21  Bunker  
  33  3:22  SCV  
  34  3:33  Barracks  
  34  3:34  SCV, Marine  
  34  3:37  Marine  
  35  3:46  SCV  
  34  3:52  Marine  
  34  3:54  Marine  
  32  4:04  Widow Mine  
  33  4:10  Marine  
  29  4:25  Marine  
  29  4:26  Bunker  
  29  4:28  Bunker  
  27  4:40  Widow Mine  
  27  4:44  Marine  
  21  5:12  Marine  
  22  5:21  Widow Mine  
  24  5:25  SCV  
  23  5:33  Orbital Command  
  23  5:37  SCV  
  23  5:42  Widow Mine  
  24  5:45  Marine  
  24  5:46  Marine  
  24  5:49  SCV  
  27  5:51  Barracks Tech Lab  
  27  6:00  SCV  
  27  6:01  SCV  
  27  6:04  Marine x2  
  27  6:13  SCV x2  
  29  6:20  Marine  
  29  6:21  Stimpack, Marine  
  29  6:25  SCV x2  
  31  6:27  Marine  
  31  6:32  Marine  
  33  6:37  SCV  
  33  6:38  SCV  
  33  6:39  Marine  
  37  6:42  Barracks Tech Lab  
  37  6:45  Marine  
  37  6:46  Supply Depot  
  37  6:50  Marine  
  40  6:55  Hellion, SCV  
  40  6:58  Marine  
  42  7:02  SCV  
  42  7:03  Marine  
  42  7:06  Marine  
  42  7:07  SCV  
  46  7:09  Marine  
  46  7:14  SCV  
  48  7:16  Supply Depot, Marine  
  48  7:20  Hellion  
  51  7:24  Supply Depot, Marine  
  51  7:28  Combat Shield  
  51  7:29  SCV  
  53  7:34  SCV  
  54  7:37  Marine x2  
  54  7:41  SCV  
  57  7:49  Marine  
  56  7:51  SCV  
  56  7:53  SCV, Engineering Bay  
  58  8:03  SCV  
  58  8:04  Refinery  
  59  8:07  Factory, Marine  
  59  8:12  SCV  
  61  8:14  Supply Depot  
  61  8:15  Marine  
  61  8:18  Marine  
  63  8:20  SCV  
  63  8:24  SCV  
  65  8:28  Refinery  
  65  8:32  SCV  
  66  8:34  Refinery  
  66  8:38  Terran Infantry Weapons Level 1, SCV  
  67  8:44  SCV  
  68  8:50  SCV  
  69  8:56  SCV  
  69  9:00  Starport  
  69  9:03  SCV  
  69  9:06  Marine x2  
  69  9:09  SCV  
  73  9:10  Supply Depot, Barracks Reactor  
  73  9:12  Siege Tank  
  76  9:19  Marauder  
  76  9:21  SCV  
  78  9:25  Missile Turret, SCV  
  78  9:30  Marine x2  
  81  9:34  SCV  
  81  9:37  Supply Depot  
  81  9:38  Medivac  
  84  9:39  SCV  
  84  9:43  Marauder  
  90  9:45  Siege Tank  
  90  9:51  Marine x2  
  93  9:54  SCV  
  93  10:00  Barracks Tech Lab  
  93  10:05  SCV  
  93  10:06  Marauder, SCV  
  96  10:07  Command Center  
  96  10:09  Marine x2  
  98  10:17  Siege Tank  
  98  10:19  SCV  
  102  10:21  Supply Depot  
  102  10:22  Supply Depot, Medivac x2  
  102  10:25  Marauder  
  102  10:31  Marine  
  102  10:32  Marauder  
  96  10:38  SCV  
  96  10:42  Factory Tech Lab  
  95  10:44  SCV  
  95  10:45  Marine  
  95  10:46  Marauder  
  99  10:50  SCV  
  99  10:51  Marine  
  99  10:53  Marauder  
  102  11:04  Siege Tank x2  
  102  11:08  Marauder, Marine  
  102  11:09  Marine  
  102  11:10  Command Center  

Tags
 
Add a new tag
Caveats
  • Supply blocks, unpowered buildings, or Contaminate may cause inaccurate times.
  • Supply counts are checked every 10 seconds.